 Dungeon Crawl Stone Soup version 0.29.1-2-gbd0b4ee654 (webtiles) character file.

Game seed: 515784901574325520

3713 Avanven the Fighter (level 10, -1/80 HPs)
             Began as a Djinni Fire Elementalist on Nov 13, 2022.
             Was a Believer of Makhleb.
             Slain by an unseen horror (7 damage)
             ... on level 7 of the Dungeon.
             The game lasted 00:20:47 (10650 turns).

Avanven the Fighter (Djinni Fire Elementalist)     Turns: 10650, Time: 00:20:48

Health: -1/80      AC:  8    Str:  7    XL:     10   Next: 36%
Gold:   396        EV: 12    Int: 21    God:    Makhleb [**....] SH:  0 Dex: 16

rFire   + + .      SeeInvis .   y - +4 war axe of Eternal Harmony {holy, Dex+2}
rCold   x . .      Faith    .   (no shield)
rNeg    + . .      Spirit   .   A - +0 steam dragon scales
rPois   ∞          Reflect  .   b - +1 helmet
rElec   .          Harm     .   w - +0 cloak
rCorr   .          Rampage  .   (no gloves)
Will    +....                   (boots unavailable)
Stlth   ++........              t - amulet of the acrobat
HPRegen 0.23/turn               o - ring of positive energy
MPRegen 0.00/turn               e - ring of wizardry

@: flying
A: sickness immunity, fire resistance 2, cold vulnerability 1, float, innate
caster, HP casting, extra vitality 1
a: Renounce Religion, Minor Destruction


You were on level 7 of the Dungeon.
You worshipped Makhleb.
Makhleb was pleased with you.
You visited 2 branches of the dungeon, and saw 9 of its levels.

You collected 424 gold pieces.
You spent 28 gold pieces at shops.

Inventory:

Hand Weapons
 s - a +0 flail of protection
 y - the +4 war axe of Eternal Harmony (weapon) {holy, Dex+2}
   (You took it off an orc wizard on level 7 of the Dungeon)

   It has been blessed by the Shining One to cause great damage to the undead
   and demons.
   Dex:       It affects your dexterity (+2).
Missiles
 g - 4 throwing nets
Armour
 a - the +1 ring mail "Mes Jawa" {Harm Drain rElec rN+}
   (You found it on level 8 of the Dungeon)

   rElec:     It insulates you from electricity.
   rN:        It protects you from negative energy.
   Drain:     It drains your maximum health when unequipped.
   Harm:      It increases damage dealt and taken.
 b - a +1 helmet (worn)
 w - a +0 cloak (worn)
 A - +0 steam dragon scales (worn)
Jewellery
 e - a ring of wizardry (right hand)
 o - a ring of positive energy (left hand)
 t - an amulet of the acrobat (around neck)
Scrolls
 d - a scroll of identify
 p - a scroll of enchant weapon
 r - 2 scrolls of teleportation
 v - a scroll of enchant armour
Potions
 c - 3 potions of curing
 f - 2 potions of cancellation
 h - a potion of brilliance
 i - a potion of experience {unknown}
 j - 2 potions of mutation {unknown}
 k - a potion of magic {unknown}
 l - a potion of heal wounds {unknown}
 n - 2 potions of resistance
 q - a potion of berserk rage
 u - a potion of attraction {unknown}
 x - a potion of might {unknown}


   Skills:
 + Level 10.0 Fighting
 - Level 2.1 Dodging
 - Level 1.5 Stealth
 + Level 8.2 Spellcasting


You had 2 spell levels left.
You knew the following spells:

 Your Spells              Type           Power      Damage    Failure   Level
a - Foxfire               Conj/Fire      100%       2x1d9     1%          1
b - Scorch                Fire           86%        2d9       1%          2
c - Conjure Flame         Conj/Fire      43%        6-21      1%          3
d - Inner Flame           Hex/Fire       43%        N/A       1%          3
e - Flame Wave            Conj/Fire      43%        2d11      1%          4
f - Necrotise             Necr           100%       1d9       1%          1
g - Poisonous Vapours     Pois/Air       86%        N/A       1%          2
h - Summon Guardian Gole  Hex/Summ       43%        N/A       1%          3
i - Airstrike             Air            21%        2d(4-20)  1%          4
Your spell library was empty.

Dungeon Overview and Level Annotations

Branches:
Dungeon (8/15)             Temple (1/1) D:6
   Lair: D:8-11

Altars:
Ashenzari
Cheibriados
Elyvilon
Fedhas
Gozag
Hepliaklqana
Makhleb
Nemelex Xobeh
Okawaru
Qazlal
Ru
Trog
Uskayaw
Wu Jian
Xom
Yredelemnul
Zin
The Shining One

Shops:
D:1 (   D:4 ??[(   D:8 (


Innate Abilities, Weirdness & Mutations

You are immune to sickness and miasma.
You are immune to poison.
Your flesh is very heat resistant. (rF++)
You are vulnerable to cold. (rC-)
You float through the air rather than walking.
You learn spells naturally, not from books.
Your magical power is your life essence.
You have superior vitality. (+4 MHP)


Message History

The orc warrior is burned terribly!
The orc warrior is heavily wounded. (Press . to intensify the flame waves.)
You hear a shout!
Something hits you. x2
The orc warrior hits you with a +0 dire flail!
* * * LOW HITPOINT WARNING * * *
Unknown command.
Okay, then.
As you read the scroll of fear, it crumbles to dust.
You assume a fearsome visage.
The orc warrior looks frightened!
The orc priest looks frightened!
The orc warrior cowers, then darts away.
The orc priest almost stumbles in trying to escape.
Something closely misses you. Something hits you but does no damage.
There is an escape hatch in the ceiling here.
Something hits you.
* * * LOW HITPOINT WARNING * * *
Something hits you!
* * * LOW HITPOINT WARNING * * *
A mysterious force pulls you upwards. The hatch slams shut behind you.
Reactivating autopickup.
Casting: Flame Wave (mildly dangerous; 1% risk of failure)
Confirm with . or Enter, or press ? or * to list all spells.
You can't see any susceptible monsters within range! (Use Z to cast anyway.) Unknown command.
Casting: Flame Wave (mildly dangerous; 1% risk of failure)
Confirm with . or Enter, or press ? or * to list all spells.
You don't know that spell.
Unknown command.
Casting: Flame Wave (mildly dangerous; 1% risk of failure)
Confirm with . or Enter, or press ? or * to list all spells.
Casting: Flame Wave (mildly dangerous; 1% risk of failure)
Press: ? - help, Dir - look around, f - activate A wave of flame ripples out!
The flame wave engulfs something! (Press . to intensify the flame waves.)
* * * LOW HITPOINT WARNING * * *
Something hits you!
You die...

#.........#.......
#...##.)..#.......
#...##....#....###
#....#.)..#.<..#..
#....#....'....#..
#...#######....#..
#...##....#....###
#.<.......#....#..
#@....)...#....'..
#.....)...#....#..
#...##))[.#....#..
#...##....#....#..
#.........#....##'
#.......).#.......
#.........#.......
#.........#.......
#...##...##.......


There were no monsters in sight!

Vanquished Creatures
  Menkaure (D:5)
  2 steam dragons
  A water moccasin (D:7)
  2 ice beasts (D:5)
  4 orc warriors
  A sky beast (D:6)
  3 black bears
  2 ogres
  A centaur (D:8)
  A phantom (D:5)
  2 bullfrogs (D:7)
  A necrophage (D:7)
  2 gnoll sergeants (D:7)
  2 scorpions
  11 killer bees
  4 howler monkeys
  2 jellies (D:5)
  3 hounds
  2 orc priests
  Terence (D:3)
  Crazy Yiuf (D:3)
  7 orc wizards
  4 iguanas
  8 gnolls (D:7)
  8 adders
  A shadow imp (D:7)
  3 worms
  3 dart slugs
  25 orcs
  9 endoplasms
  A giant cockroach (D:1)
  6 hobgoblins
  A quokka (D:4)
  13 ball pythons
  4 bats
  6 frilled lizards
  6 goblins
  6 kobolds
  3 rats
  A spectral orc (D:3)
164 creatures vanquished.

Vanquished Creatures (others)
  Edmund (D:5)
  A quokka (D:2)
  7 demonic plants (D:8)
  393 foxfires
  3 plants (D:8)
405 creatures vanquished.

Grand Total: 569 creatures vanquished

Notes
Turn   | Place    | Note
-------+----------+-------------------------------------------
     0 | D:1      | Avanven the Djinni Fire Elementalist began the quest for
                  | the Orb.
     0 | D:1      | Avanven set off with the following spells memorised:
                  | Foxfire, Scorch, Conjure Flame, Inner Flame, Flame Wave.
     0 | D:1      | Reached XP level 1. HP: 15/15 MP: 0/0
   394 | D:1      | Reached XP level 2. HP: 18/22 MP: 0/0
   519 | D:1      | Reached skill level 1 in Fighting
   808 | D:1      | Found Guystrun's Weapon Shop.
   981 | D:1      | Found a faded altar of an unknown god.
  1742 | D:2      | Reached XP level 3. HP: 20/27 MP: 0/0
  1742 | D:2      | Learned a level 1 spell: Necrotise
  1873 | D:2      | Reached skill level 2 in Fighting
  2035 | D:2      | Reached XP level 4. HP: 25/33 MP: 0/0
  2654 | D:2      | Found a broken altar of Ashenzari.
  2751 | D:2      | You are sucked into a shaft and drop 2 floors!
  2781 | D:4      | Found Jehewaeg's Magic Scroll Shop.
  2868 | D:4      | Bought a scroll of identify for 28 gold pieces
  2920 | D:4      | Found Jiagep's Magic Scroll Emporium.
  3166 | D:4      | Noticed a scorpion
  3173 | D:4      | Killed a scorpion
  3174 | D:4      | Reached skill level 3 in Fighting
  3174 | D:4      | Reached XP level 5. HP: 26/40 MP: 0/0
  3174 | D:4      | Learned a level 2 spell: Poisonous Vapours
  3358 | D:4      | Found Xalitep's Weapon Shoppe.
  3706 | D:3      | Noticed Terence
  3713 | D:3      | Killed Terence
  3714 | D:3      | Reached XP level 6. HP: 15/46 MP: 0/0
  4521 | D:3      | Found a hazy altar of Hepliaklqana.
  4704 | D:3      | Found a runed translucent door.
  4705 | D:3      | Noticed Crazy Yiuf
  5024 | D:3      | Killed Crazy Yiuf
  5687 | D:4      | Found a white marble altar of Elyvilon.
  5687 | D:4      | Noticed an ogre
  5692 | D:4      | Killed an ogre
  5693 | D:4      | Reached skill level 4 in Fighting
  5822 | D:4      | Found Jepnucun's Antique Armour Emporium.
  6029 | D:4      | Reached XP level 7. HP: 49/53 MP: 0/0
  6029 | D:4      | Learned a level 3 spell: Summon Guardian Golem
  6153 | D:5      | Entered Level 5 of the Dungeon
  6261 | D:5      | Reached skill level 5 in Fighting
  6268 | D:5      | Noticed a steam dragon
  6276 | D:5      | Killed a steam dragon
  6298 | D:5      | Noticed Menkaure
  6299 | D:5      | Reached skill level 5 in Spellcasting
  6303 | D:5      | Killed Menkaure
  6304 | D:5      | Reached XP level 8. HP: 23/61 MP: 0/0
  6441 | D:5      | Reached skill level 6 in Fighting
  6574 | D:5      | Noticed Edmund
  6587 | D:5      | Killed Edmund
  6802 | D:5      | Found a burning altar of Makhleb.
  6812 | D:5      | Became a worshipper of Makhleb the Destroyer
  7130 | D:5      | Reached skill level 7 in Fighting
  7290 | D:5      | Found a glowing silver altar of Zin.
  7490 | D:6      | Reached XP level 9. HP: 61/68 MP: 0/0
  7490 | D:6      | Learned a level 4 spell: Airstrike
  7529 | D:6      | Found an opulent altar of Gozag.
  7808 | D:6      | Found a staircase to the Ecumenical Temple.
  7819 | Temple   | Entered the Ecumenical Temple
  7930 | D:6      | Reached skill level 8 in Fighting
  8384 | D:7      | Found a sparkling altar of Nemelex Xobeh.
  8789 | D:7      | Reached * piety under Makhleb
  9015 | D:7      | Reached skill level 9 in Fighting
  9284 | D:7      | Reached XP level 10. HP: 58/78 MP: 0/0
  9406 | D:7      | Identified the +4 war axe of Eternal Harmony {holy, Dex+2}
 10039 | D:8      | Found Ihiuxt's Weapon Emporium.
 10118 | D:8      | Reached ** piety under Makhleb
 10122 | D:8      | Reached skill level 10 in Fighting
 10270 | D:8      | Identified the +1 ring mail "Mes Jawa" {Harm Drain rElec
                  | rN+}
 10371 | D:8      | Found a blossoming altar of Fedhas.
 10650 | D:7      | Slain by an unseen horror

Illustrated notes

Levels and vault maps discovered:
D:1:      wander_arrival_peaceful_grave, layout_loops_corners,
          shapermc_ecumenical_altar_hornbeckon, serial_shops,
          nicolae_shop_advertising_works [nicolae_subvault_shop_adworks]
D:2:      layout_rooms, basic_altar, lemuel_flame_loot_1
D:3:      minmay_spotlight, layout_basic,
          nicolae_hepliaklqana_monster_ancestors, hangedman_decor_peaks_small,
          dk_noncrumbling_4, hex_tiny, uniq_terence, uniq_crazy_yiuf_cottage
D:4:      layout_loops_ring, elyvilon_altar_3, serial_shops, shop,
          nicolae_square_shop, shop, kennysheep_mini, grunt_ministairs_5
D:5:      layout_loops_ring, makhleb_heckhound_becter, zin_statuary,
          uniq_menkaure, uniq_edmund
D:6:      layout_rooms, nicolae_gozag_cash_rules_everything_around_me,
          minmay_temple_entry_junction, chequers_serial_rivers_room_b
D:7:      layout_gridville, nemelex_xobeh_ov_fountains_minmay
D:8:      layout_rooms, fedhas_ov_isle_minmay, erik_lair_orcish_takeover,
          serial_shops, shop_statue, dreamdust_princess_corridor
Temple:   jpeg_temple_clearing

Skill      XL: |  1  2  3  4  5  6  7  8  9 10 |
---------------+-------------------------------+-----
Fighting       | 1 2 3 4 5 7 9 10 | 10.0
Spellcasting   | 3 4 5 6 7 8 |  8.2
Dodging        | |  2.1
Stealth        | |  1.5

Action                   |  1- 3 |  4- 6 |  7- 9 | 10-12 || total
-------------------------+-------+-------+-------+-------++-------
Melee: War axe           |       |       |       |    10 ||    10
 Cast: Foxfire           |    53 |   126 |    46 |    28 ||   253
       Scorch            |    14 |    38 |    49 |    28 ||   129
       Poisonous Vapours |       |     6 |     3 |       ||     9
       Summon Guardian G |       |       |    11 |     1 ||    12
       Airstrike         |       |       |    30 |     5 ||    35
       Flame Wave        |       |       |     5 |     6 ||    11
       Inner Flame       |       |       |     4 |       ||     4
  Use: Scroll            |       |    14 |     2 |     3 ||    19
       Potion            |       |       |       |     1 ||     1
Armor: Robe              |     1 |       |     2 |       ||     3
       Steam dragon scal |       |       |       |    12 ||    12
Dodge: Dodged            |     5 |     9 |     9 |    22 ||    45
